 Dungeon Crawl Stone Soup version 0.18.1-6-gd335043 (webtiles) character file.

77 imganon the Chopper (level 4, 0/39 HPs)
             Began as a Hill Orc Berserker on May 15, 2016.
             Was a Believer of Trog.
             Succumbed to an adder's poison
             ... on level 2 of the Dungeon.
             The game lasted 00:02:42 (1662 turns).

imganon the Chopper (Hill Orc Berserker)            Turns: 1662, Time: 00:02:43

Health: 0/39       AC:  4    Str: 18 (20) XL:     4   Next: 33%
Magic:  4/4        EV: 11    Int:  4 (7)  God:    Trog [**....]
Gold:   72         SH:  0    Dex:  7 (10) Spells: 0 memorised, 3 levels left

rFire  . . .     SeeInvis .     a - +0 hand axe
rCold  . . .     Gourm    .     f - +0 leather armour (curse)
rNeg   . . .     Faith    .     (no shield)
rPois  .         Spirit   .     (no helmet)
rElec  .         Dismiss  .     (no cloak)
rCorr  .         Reflect  .     g - +0 pair of gloves
SustAt .         Harm     .     (no boots)
MR     .....                    (no amulet)
Stlth  +.........               (no ring)
                                (no ring)

@: lethally poisoned (0 -> -17), flying, not resistant to hostile enchantments,
very unstealthy
A: no striking features
a: Berserk, Trog's Hand, Burn Spellbooks, Renounce Religion


You were on level 2 of the Dungeon.
You worshipped Trog.
Trog was pleased with you.
You were hungry.

You visited 1 branch of the dungeon, and saw 2 of its levels.

You collected 72 gold pieces.

Inventory:

Hand Weapons
 a - a +0 hand axe (weapon)
Armour
 f - a cursed +0 leather armour (worn)
 g - a +0 pair of gloves (worn)
Scrolls
 b - 2 scrolls of enchant weapon {unknown}
 e - 3 scrolls of teleportation {unknown}
 h - a scroll of random uselessness {unknown}
 k - 2 scrolls of recharging {unknown}
 l - a scroll of remove curse {unknown}
 m - 3 scrolls of identify {unknown}
Potions
 n - a potion of invisibility {unknown}
 p - a potion of cancellation {unknown}
Comestibles
 c - 2 bread rations


   Skills:
 - Level 3.6 Fighting
 + Level 6.6 Axes
 - Level 2.1 Armour
 - Level 1.5 Dodging


You had 3 spell levels left.
You didn't know any spells.

Dungeon Overview and Level Annotations

Branches:
Dungeon (2/15)

Altars:


Message History

* * * LOW HITPOINT WARNING * * *
You hit the adder.
The adder is almost dead.
You hit the giant cockroach.
The giant cockroach is severely wounded.
* * * LOW HITPOINT WARNING * * *
You feel sick. The adder closely misses you. The giant cockroach bites you.
* * * LOW HITPOINT WARNING * * *
Drink which item? (? for menu, Esc to quit)
It was a potion of flight.
You feel very buoyant.
You fly up into the air.
* * * LOW HITPOINT WARNING * * *
You feel sick. The adder barely misses you.
The giant cockroach barely misses you. The adder misses you.
Drink which item? (? for menu, Esc to quit)
It was a potion of degeneration.
There was something very wrong with that liquid.
You feel weakened.
You feel dopey.
You feel clumsy.
You die...

### #.. ..# #.# #.#.... #.#
#.#.#.# #.# #.#.#.# #.#########
#.#.#.# #.#........ #S#.#.#
#.#........ #@#.#.#
###'#.........#s#.#.############
#..<.............)..............
##.......#####.#.#.#.###########'
...(..........>........## #..
.#.......#####.#.###.#..# #..
.#.......# #'#.# #.##.#######..
.######### . ..# #..........'..
.# .....# #####.######..


You could see an adder and a giant cockroach.

Vanquished Creatures
  2 adders (D:2)
  A shadow imp (D:2)
  An ooze (D:1)
  3 worms (D:2)
  A dart slug (D:2)
  A giant cockroach (D:2)
  7 goblins
  6 hobgoblins
  A quokka (D:1)
  6 bats
  2 giant newts
  4 kobolds
  4 rats (D:1)
39 creatures vanquished.

Notes
Turn   | Place    | Note
--------------------------------------------------------------
     0 | D:1      | imganon the Hill Orc Berserker began the quest for the Orb.
     0 | D:1      | Reached XP level 1. HP: 19/19 MP: 1/1
   122 | D:1      | Reached XP level 2. HP: 21/26 MP: 2/2
   216 | D:1      | Reached skill level 5 in Axes
   523 | D:1      | Reached XP level 3. HP: 20/31 MP: 3/3
   974 | D:1      | Reached ** piety under Trog
  1084 | D:2      | Reached skill level 6 in Axes
  1323 | D:2      | Reached XP level 4. HP: 29/39 MP: 4/4
  1661 | D:2      | HP: 1/39 [poisoned by an adder]
  1662 | D:2      | Succumbed to an adder's poison

Skill      XL: |  1  2  3 |
---------------+----------+-----
Axes           | 5 6 |  6.6
Fighting       | |  3.6
Armour         | |  2.1
Dodging        | |  1.5

Action                   |  1- 3 |  4- 6 || total
-------------------------+-------+-------++-------
Melee: Hand axe          |   108 |    42 ||   150
Invok: Burn Spellbooks   |     1 |       ||     1
       Berserk           |       |     1 ||     1
  Use: Potion            |       |     2 ||     2
  Eat: Chunk             |     1 |     2 ||     3
Armor: Animal skin       |     3 |       ||     3
       Leather armour    |    29 |    13 ||    42
Dodge: Dodged            |    71 |    22 ||    93
